 Dungeon Crawl Stone Soup version 0.29-a0-284-gf9362112df (webtiles) character file.

Game seed: 16979916742087738463

4177 spaghetti the Martial Artist (level 10, -6/79 HPs)
             Began as a Gnoll Wanderer on Mar 28, 2022.
             Was an Initiate of Cheibriados.
             Mangled by a wyvern (10 damage)
             ... on level 10 of the Dungeon.
             The game lasted 00:14:28 (9229 turns).

spaghetti the Martial Artist (Gnoll Wanderer)       Turns: 9229, Time: 00:14:29

Health: -6/79      AC: 13    Str: 15    XL:     10   Next: 28%
Magic:  20/20      EV: 12    Int: 27    God:    Cheibriados [......]
Gold:   167        SH:  0    Dex: 14    Spells: 14/23 levels left

rFire   . . .      SeeInvis .     - Unarmed
rCold   + + .      Faith    .   (no shield)
rNeg    . . .      Spirit   .   v - +3 ring mail of Generosity {rC++ MP-9 Str+4 Dex+2}
rPois   .          Reflect  .   u - +0 helmet
rElec   .          Harm     .   (no cloak)
rCorr   .          Rampage  .   h - +0 pair of gloves
Will    .....                   J - +0 pair of boots
Stlth   +++.......              (no amulet)
HPRegen 0.23/turn               r - ring of magical power
MPRegen 0.17/turn               H - +6 ring of intelligence

@: about to teleport, on berserk cooldown, invisible, fire susceptible, very
slow
A: fangs 1, strong nose, distributed training, hooves 1, camouflage 1, clever 1
a: Renounce Religion


You were on level 10 of the Dungeon.
You worshipped Cheibriados.
Cheibriados was noncommittal.
You visited 2 branches of the dungeon, and saw 10 of its levels.
You also visited: Ossuary.

You collected 619 gold pieces.
You spent 452 gold pieces at shops.


Innate Abilities, Weirdness & Mutations

You have very sharp teeth.
Your uncanny sense of smell can sniff out nearby items.
Your experience applies equally to all skills.
You have large cloven feet.
Your skin changes colour to match your surroundings (Stealth+).
Your mind is acute. (Int +2)


   Skills:
 + Level 7.0 Fighting
 + Level 5.1 Short Blades
 + Level 5.1 Long Blades
 + Level 5.1 Axes
 + Level 5.1 Maces & Flails
 + Level 5.1 Polearms
 + Level 5.1 Staves
 + Level 5.1 Slings
 + Level 5.1 Bows
 + Level 5.1 Crossbows
 + Level 5.1 Throwing
 + Level 7.0 Armour
 + Level 5.1 Dodging
 + Level 5.1 Stealth
 + Level 5.1 Shields
 + Level 10.0 Unarmed Combat
 + Level 7.2 Spellcasting
 + Level 4.2 Conjurations
 + Level 4.2 Hexes
 + Level 4.2 Summonings
 + Level 4.2 Necromancy
 + Level 4.2 Translocations
 + Level 4.2 Transmutations
 + Level 4.2 Fire Magic
 + Level 4.2 Ice Magic
 + Level 4.2 Air Magic
 + Level 4.2 Earth Magic
 + Level 4.2 Poison Magic
 + Level 5.6 Invocations
 + Level 5.1 Evocations


You had 14 spell levels left.
You knew the following spells:

 Your Spells              Type           Power      Damage    Failure   Level
a - Statue Form           Tmut/Erth      21%        N/A       95%         6
b - Teleport Other        Tloc           32%        N/A       5%          3

Your spell library contained the following spells:

 Spells                   Type           Power      Damage    Failure   Level
 Magic Dart               Conj           100%       1d8       1%          1
 Slow                     Hex            100%       N/A       1%          1
 Call Imp                 Summ           32%        N/A       2%          2
 Confusing Touch          Hex            32%        N/A       5%          3
 Gell's Gravitas          Tloc           32%        N/A       5%          3
 Lesser Beckoning         Tloc           32%        N/A       5%          3
 Mephitic Cloud           Conj/Pois/Air  32%        N/A       5%          3
 Vampiric Draining        Necr           32%        2d8       5%          3
 Petrify                  Tmut/Erth      32%        N/A       19%         4
 Metabolic Englaciation   Hex/Ice        16%        N/A       45%         5

Inventory:

Hand Weapons
 b - a +2 vorpal hunting sling {sling}
   (You took it off Joseph on level 7 of the Dungeon)
Missiles
 f - 235 stones (quivered) {throwing}
 j - 14 poisoned darts {throwing}
 o - 6 atropa-tipped darts {throwing}
 A - a throwing net {=f!fthrowing}
 K - 2 javelins {throwing}
Armour
 h - a +0 pair of gloves (worn)
   (You found it on level 3 of the Dungeon)
 u - a +0 helmet (worn)
   (You found it on level 4 of the Dungeon)
 v - the +3 ring mail of Generosity (worn) {rC++ MP-9 Str+4 Dex+2}
   (You found it on level 4 of the Dungeon)

   Str:       It affects your strength (+4).
   Dex:       It affects your dexterity (+2).
   rC:        It greatly protects you from cold.
   MP:        It affects your magic capacity (-9).
 F - the +1 leather armour of the Heavens {rPois rC+ Str+6}
   (You found it on level 6 of the Dungeon)

   Str:       It affects your strength (+6).
   rC:        It protects you from cold.
   rPois:     It protects you from poison.
 G - +0 steam dragon scales
   (You found it on level 6 of the Dungeon)
 J - a +0 pair of boots (worn)
   (You found it on level 7 of the Dungeon)
Magical Staves
 z - a staff of death {!astaff}
   (You found it on level 5 of the Dungeon)
Jewellery
 r - a ring of magical power (left hand)
   (You found it on level 2 of the Dungeon)
 H - a +6 ring of intelligence (right hand)
   (You found it on level 6 of the Dungeon)
Wands
 I - a wand of charming (6)
   (You found it on level 7 of the Dungeon)
Scrolls
 d - 2 scrolls of fog
 g - a scroll of immolation {!r!r}
 l - 3 scrolls of magic mapping {!r}
 n - a scroll of teleportation {@r4}
 w - a scroll of vulnerability {!r!r}
 y - a scroll of noise {!r}
 L - a scroll of amnesia
Potions
 c - 3 potions of lignification {!q}
 m - 2 potions of haste {@q3}
 q - 9 potions of curing {@q1}
 t - 2 potions of brilliance {unknown}
 B - a potion of magic {unknown}
 C - a potion of degeneration {unknown}
 E - a potion of attraction {unknown}

Dungeon Overview and Level Annotations

Branches:
Dungeon (8/15)             Temple (1/1) D:5         Ossuary (visited)
   Lair: D:8-11

Altars:
Ashenzari
Cheibriados
Dithmenos
Elyvilon
Fedhas
Gozag
Hepliaklqana
Kikubaaqudgha
Makhleb
Nemelex Xobeh
Okawaru
Qazlal
Ru
Sif Muna
Trog
Vehumet
Wu Jian
Xom
Yredelemnul
Zin
The Shining One
Ignis

Shops:
D:4 !***   D:7 [

Annotations:
D:8 exclusion: door

#### #...#...#
.#####...###...#.y.
..#.....##.....yy
#..............
...##.#......
#..........#
#..........#
#..##...@.### ..∆
##..#....l..###.
....#...#...YY.......
#........†...........
#....(...†...........
.........)............
......................
..#...................
..##..................


You could see 2 yaks, a wyvern (can't see you) and 3 killer bees.


Message History

The yak closely misses you.
A yak comes into view.
You punch the yak! You bite the yak. The yak barely misses you. 😨 HP[+1]
You punch the yak!
You kill the yak!
Cheibriados appreciates the change of pace.
The yak completely misses you.
You completely miss the yak.
You punch the yak! x2; The yak gores you but does no damage.
You completely miss the yak. The yak gores you.
* * * LOW HITPOINT WARNING * * *
😨 HP[-2]
You take 2 damage, and now have 38/115 hp.
You punch the yak!
You kill the yak!
Cheibriados appreciates the change of pace.
Your Fighting skill increases to level 7!
Your Armour skill increases to level 7! 😨 HP[+1]
You now have 118 max hp (+3).
You are no longer berserk.
You are exhausted.
You feel yourself slow down. The yak barely misses you.
The yak gores you but does no damage.
A wyvern comes into view.
You see here a yak corpse. 😨 HP[-13]
You now have 79 max hp (-39).
The wyvern hisses angrily.
You punch the yak! The yak gores you!
* * * LOW HITPOINT WARNING * * *
The yak misses you. 😱 HP[-8]
You take 8 damage, and now have 18/79 hp.
Unknown command.
As you read the scroll of teleportation {@r4}, it crumbles to dust.
You feel strangely unstable. The yak completely misses you.
The yak gores you but does no damage. x2
The yak barely misses you. 😱 HP[+1]
You feel much better. The yak barely misses you. The yak gores you.
* * * LOW HITPOINT WARNING * * *
😨 HP[+18]
You regained 18 hp, and now have 37/79 hp.
It was a potion of mutation.
You feel extremely strange.
Your skin functions as natural camouflage.
You feel clever.
Your feet thicken and deform.
Your surroundings seem slightly different.
The yak misses you. The yak barely misses you. The wyvern misses you.
The yak misses you. The yak gores you!
* * * LOW HITPOINT WARNING * * *
The wyvern closely misses you. 😨 HP[-9]
You take 9 damage, and now have 28/79 hp.
You feel much better.
The wyvern bites you but does no damage.
The yak barely misses you. x2; The wyvern bites you. 😮 HP[+24]
You regained 24 hp, and now have 52/79 hp.
It was a potion of flight.
You feel very buoyant.
You fly up into the air.
The wyvern misses you. The yak gores you! x2
* * * LOW HITPOINT WARNING * * *
The wyvern bites you but does no damage.
The yak gores you.
* * * LOW HITPOINT WARNING * * *
The yak gores you.
* * * LOW HITPOINT WARNING * * *
😨 HP[-31]
You take 31 damage, and now have 21/79 hp.
MASSIVE DAMAGE!! (PAUSE) It was a potion of cancellation.
Your magical effects are unravelling.
You feel magically purged.
You feel yourself speed up.
You float gracefully downwards.
The wyvern bites you!
* * * LOW HITPOINT WARNING * * *
The wyvern bites you.
* * * LOW HITPOINT WARNING * * *
The yak gores you.
* * * LOW HITPOINT WARNING * * *
The yak barely misses you. The wyvern barely misses you. 😱 HP[-18]
You take 18 damage, and now have 3/79 hp.
MASSIVE DAMAGE!! (PAUSE) Unknown command.
Okay, then.
You fade into invisibility!
The yak barely misses you. x2; The wyvern misses you.
A killer bee comes into view.
The wyvern closely misses you.
The wyvern barely misses you. 2 killer bees come into view.
The wyvern barely misses you. 😱 HP[+1]
As you read the scroll of teleportation {@r4}, it crumbles to dust.
You feel strangely unstable. The wyvern barely misses you.
The wyvern bites you!
You die...

Skill      XL: |  1  2  3  4  5  6  7  8  9 10 |
---------------+-------------------------------+-----
Spellcasting   | 5 6 7 |  7.2
Invocations    | 1 2 3 4 5 |  5.6
Short Blades   | 1 2 3 4 5 |  5.1
Long Blades    | 1 2 3 4 5 |  5.1
Axes           | 1 2 3 4 5 |  5.1
Maces & Flails | 1 2 3 4 5 |  5.1
Polearms       | 1 2 3 4 5 |  5.1
Staves         | 1 2 3 4 5 |  5.1
Slings         | 1 2 3 4 5 |  5.1
Bows           | 1 2 3 4 5 |  5.1
Crossbows      | 1 2 3 4 5 |  5.1
Throwing       | 1 2 3 4 5 |  5.1
Dodging        | 1 2 3 4 5 |  5.1
Stealth        | 1 2 3 4 5 |  5.1
Shields        | 1 2 3 4 5 |  5.1
Evocations     | 1 2 3 4 5 |  5.1
Conjurations   | 1 2 3 4 |  4.2
Hexes          | 1 2 3 4 |  4.2
Summonings     | 1 2 3 4 |  4.2
Necromancy     | 1 2 3 4 |  4.2
Translocations | 1 2 3 4 |  4.2
Transmutations | 1 2 3 4 |  4.2
Fire Magic     | 1 2 3 4 |  4.2
Ice Magic      | 1 2 3 4 |  4.2
Air Magic      | 1 2 3 4 |  4.2
Earth Magic    | 1 2 3 4 |  4.2
Poison Magic   | 1 2 3 4 |  4.2
Fighting       | 5 6 7 |  7.0
Armour         | 5 6 7 |  7.0
Unarmed Combat | 9 10 | 10.0

Action                   |  1- 3 |  4- 6 |  7- 9 | 10-12 || total
-------------------------+-------+-------+-------+-------++-------
Melee: Unarmed           |    83 |   118 |   345 |    16 ||   562
       Bite              |     9 |    18 |    48 |     1 ||    76
       Punch             |     3 |     4 |    21 |     5 ||    33
Throw: Stone             |       |    50 |   152 |     2 ||   204
       Dart              |       |       |     2 |       ||     2
Invok: Foxfire Swarm     |       |     1 |     6 |       ||     7
       Rising Flame      |       |       |     1 |       ||     1
       Fiery Armour      |       |       |     1 |       ||     1
Evoke: Wand              |       |       |       |     1 ||     1
  Use: Potion            |     1 |       |       |     7 ||     8
       Scroll            |       |     5 |     3 |     2 ||    10
 Stab: Invisible         |       |       |     2 |       ||     2
Armor: Ring mail         |    34 |    39 |   119 |    18 ||   210
Dodge: Dodged            |    30 |    44 |   176 |    27 ||   277

Levels and vault maps discovered:
D:1:      grunt_arrival_crossed_arrows, layout_loops_ring,
          dreamdust_ecumenical_altar_statues
D:2:      layout_loops_corners
D:3:      layout_rooms, grunt_temple_overflow_open, amcnicky_altar_gilded
D:4:      layout_basic, serial_shops, nicolae_lakefront_shop,
          nicolae_take_the_stairs, nicolae_specific_store
D:5:      layout_basic, minmay_temple_entry_gardened_gates, uniq_grinder
D:6:      layout_basic, okawaru_gym_becter, mainiacjoe_overflow_swirl,
          mainiacjoe_overflow_catwalk, chequers_ossuary_entry_cave
D:7:      layout_rooms, serial_shops, kennysheep_mini_moat, enter_bailey_5,
          uniq_joseph
D:8:      layout_basic, serial_glass, glass_columns_c, glass_columns_b,
          uniq_pikel
D:10:     cheibrodos_ideogram_h, layout_cave_pools, minmay_lair_entry_grove,
          serial_shops, nicolae_square_shop
Temple:   zaba_magenta_temple

Notes
Turn   | Place    | Note
-------+----------+-------------------------------------------
     0 | D:1      | spaghetti the Gnoll Wanderer began the quest for the Orb.
     0 | D:1      | spaghetti set off with the following items: a +0 club
                  | {mace}, a potion of berserk rage {!q}, a +0 ring mail, a
                  | scroll of fog, a potion of invisibility
     0 | D:1      | Reached XP level 1. HP: 20/20 MP: 6/6
     0 | D:1      | magus.rc [v1.9.6]
   111 | D:1      | Reached XP level 2. HP: 25/26 MP: 7/7
   357 | D:1      | Found a faded altar of an unknown god.
   497 | D:1      | Prayed at the altar of an unknown god.
   497 | D:1      | Became a worshipper of Ignis, the Dying Flame
   747 | D:1      | Reached XP level 3. HP: 31/31 MP: 9/9
   914 | D:2      | Reached skill level 5 in Spellcasting
   984 | D:2      | Reached skill level 1 in Invocations
  1493 | D:2      | Reached skill level 1 in Short Blades
  1493 | D:2      | Reached skill level 1 in Long Blades
  1493 | D:2      | Reached skill level 1 in Axes
  1493 | D:2      | Reached skill level 1 in Maces & Flails
  1493 | D:2      | Reached skill level 1 in Polearms
  1493 | D:2      | Reached skill level 1 in Staves
  1493 | D:2      | Reached skill level 1 in Slings
  1493 | D:2      | Reached skill level 1 in Bows
  1493 | D:2      | Reached skill level 1 in Crossbows
  1493 | D:2      | Reached skill level 1 in Throwing
  1493 | D:2      | Reached skill level 1 in Dodging
  1493 | D:2      | Reached skill level 1 in Stealth
  1493 | D:2      | Reached skill level 1 in Shields
  1493 | D:2      | Reached skill level 1 in Evocations
  1602 | D:2      | Reached XP level 4. HP: 38/38 MP: 11/11
  1872 | D:2      | Reached skill level 1 in Conjurations
  1872 | D:2      | Reached skill level 1 in Hexes
  1872 | D:2      | Reached skill level 1 in Summonings
  1872 | D:2      | Reached skill level 1 in Necromancy
  1872 | D:2      | Reached skill level 1 in Translocations
  1872 | D:2      | Reached skill level 1 in Transmutations
  1872 | D:2      | Reached skill level 1 in Fire Magic
  1872 | D:2      | Reached skill level 1 in Ice Magic
  1872 | D:2      | Reached skill level 1 in Air Magic
  1872 | D:2      | Reached skill level 1 in Earth Magic
  1872 | D:2      | Reached skill level 1 in Poison Magic
  2093 | D:3      | Found a shimmering blue altar of Sif Muna.
  2149 | D:3      | You pick up a book of Sloth and begin reading...
  2149 | D:3      | You add the spells Petrify, Metabolic Englaciation and
                  | Statue Form to your library.
  2213 | D:3      | Reached XP level 5. HP: 31/43 MP: 12/12
  2611 | D:3      | Found a broken altar of Ashenzari.
  2611 | D:3      | Found a sparkling altar of Nemelex Xobeh.
  2613 | D:3      | Found an ornate altar of the Wu Jian Council.
  2613 | D:3      | Found a radiant altar of Vehumet.
  2615 | D:3      | Found a shimmering altar of Xom.
  2616 | D:3      | Found a glowing golden altar of the Shining One.
  2987 | D:4      | Noticed a phantom
  2998 | D:4      | Killed a phantom
  2999 | D:4      | Reached skill level 2 in Invocations
  2999 | D:4      | Reached XP level 6. HP: 45/50 MP: 14/14
  3059 | D:4      | Found Teas's General Store.
  3090 | D:4      | Reached skill level 5 in Fighting
  3090 | D:4      | Reached skill level 5 in Armour
  3155 | D:4      | Reached skill level 2 in Short Blades
  3155 | D:4      | Reached skill level 2 in Long Blades
  3155 | D:4      | Reached skill level 2 in Axes
  3155 | D:4      | Reached skill level 2 in Maces & Flails
  3155 | D:4      | Reached skill level 2 in Polearms
  3155 | D:4      | Reached skill level 2 in Staves
  3155 | D:4      | Reached skill level 2 in Slings
  3155 | D:4      | Reached skill level 2 in Bows
  3155 | D:4      | Reached skill level 2 in Crossbows
  3155 | D:4      | Reached skill level 2 in Throwing
  3155 | D:4      | Reached skill level 2 in Dodging
  3155 | D:4      | Reached skill level 2 in Stealth
  3155 | D:4      | Reached skill level 2 in Shields
  3155 | D:4      | Reached skill level 2 in Evocations
  3304 | D:4      | You pick up a book of Displacement and begin reading...
  3304 | D:4      | You add the spells Lesser Beckoning, Gell's Gravitas and
                  | Teleport Other to your library.
  3342 | D:4      | Found Kioxkiem's General Store.
  3347 | D:4      | Found Jiasib's Specific Store.
  3502 | D:4      | Reached XP level 7. HP: 49/56 MP: 15/15
  3705 | D:4      | Identified the +3 ring mail of Generosity {rC++ MP-9 Str+4
                  | Dex+2}
  3741 | D:4      | Found Comar's Distillery.
  3751 | D:4      | Bought a potion of curing for 39 gold pieces
  3751 | D:4      | Bought a potion of heal wounds for 65 gold pieces
  3751 | D:4      | Bought a potion of haste for 130 gold pieces
  3885 | D:5      | Entered Level 5 of the Dungeon
  3899 | D:5      | Found a staircase to the Ecumenical Temple.
  4020 | D:5      | Reached skill level 2 in Conjurations
  4020 | D:5      | Reached skill level 2 in Hexes
  4020 | D:5      | Reached skill level 2 in Summonings
  4020 | D:5      | Reached skill level 2 in Necromancy
  4020 | D:5      | Reached skill level 2 in Translocations
  4020 | D:5      | Reached skill level 2 in Transmutations
  4020 | D:5      | Reached skill level 2 in Fire Magic
  4020 | D:5      | Reached skill level 2 in Ice Magic
  4020 | D:5      | Reached skill level 2 in Air Magic
  4020 | D:5      | Reached skill level 2 in Earth Magic
  4020 | D:5      | Reached skill level 2 in Poison Magic
  4098 | D:5      | Noticed Grinder
  4106 | D:5      | Killed Grinder
  4107 | D:5      | Reached skill level 9 in Unarmed Combat
  4107 | D:5      | Reached skill level 3 in Invocations
  4295 | D:5      | Reached XP level 8. HP: 52/63 MP: 16/16
  4798 | D:5      | Reached skill level 3 in Short Blades
  4798 | D:5      | Reached skill level 3 in Long Blades
  4798 | D:5      | Reached skill level 3 in Axes
  4798 | D:5      | Reached skill level 3 in Maces & Flails
  4798 | D:5      | Reached skill level 3 in Polearms
  4798 | D:5      | Reached skill level 3 in Staves
  4798 | D:5      | Reached skill level 3 in Slings
  4798 | D:5      | Reached skill level 3 in Bows
  4798 | D:5      | Reached skill level 3 in Crossbows
  4798 | D:5      | Reached skill level 3 in Throwing
  4798 | D:5      | Reached skill level 3 in Dodging
  4798 | D:5      | Reached skill level 3 in Stealth
  4798 | D:5      | Reached skill level 3 in Shields
  4798 | D:5      | Reached skill level 3 in Evocations
  4880 | D:6      | Noticed a yak
  4881 | D:6      | Noticed a yak
  4886 | D:6      | Noticed a yak
  4905 | D:5      | Killed a yak
  4906 | D:5      | Reached skill level 6 in Spellcasting
  5213 | D:6      | Found a basalt altar of Yredelemnul.
  5246 | D:6      | Found a sand-covered staircase.
  5303 | Ossuary  | Entered an ossuary
  6129 | D:6      | Killed a yak
  6130 | D:6      | Reached skill level 3 in Conjurations
  6130 | D:6      | Reached skill level 3 in Hexes
  6130 | D:6      | Reached skill level 3 in Summonings
  6130 | D:6      | Reached skill level 3 in Necromancy
  6130 | D:6      | Reached skill level 3 in Translocations
  6130 | D:6      | Reached skill level 3 in Transmutations
  6130 | D:6      | Reached skill level 3 in Fire Magic
  6130 | D:6      | Reached skill level 3 in Ice Magic
  6130 | D:6      | Reached skill level 3 in Air Magic
  6130 | D:6      | Reached skill level 3 in Earth Magic
  6130 | D:6      | Reached skill level 3 in Poison Magic
  6130 | D:6      | Reached skill level 4 in Invocations
  6132 | D:6      | HP: 16/64 [yak (1)]
  6137 | D:6      | Killed a yak
  6138 | D:6      | Reached skill level 6 in Fighting
  6138 | D:6      | Reached skill level 6 in Armour
  6138 | D:6      | Reached XP level 9. HP: 15/69 MP: 18/18
  6432 | D:6      | Found an iron altar of Okawaru.
  6832 | D:6      | Reached skill level 4 in Short Blades
  6832 | D:6      | Reached skill level 4 in Long Blades
  6832 | D:6      | Reached skill level 4 in Axes
  6832 | D:6      | Reached skill level 4 in Maces & Flails
  6832 | D:6      | Reached skill level 4 in Polearms
  6832 | D:6      | Reached skill level 4 in Staves
  6832 | D:6      | Reached skill level 4 in Slings
  6832 | D:6      | Reached skill level 4 in Bows
  6832 | D:6      | Reached skill level 4 in Crossbows
  6832 | D:6      | Reached skill level 4 in Throwing
  6832 | D:6      | Reached skill level 4 in Dodging
  6832 | D:6      | Reached skill level 4 in Stealth
  6832 | D:6      | Reached skill level 4 in Shields
  6832 | D:6      | Reached skill level 4 in Evocations
  7083 | D:6      | Found a blossoming altar of Fedhas.
  7092 | D:6      | Found a burning altar of Makhleb.
  7112 | D:6      | Identified the +1 leather armour of the Heavens {rPois rC+
                  | Str+6}
  7368 | D:6      | Learned a level 6 spell: Statue Form
  7695 | D:7      | Learned a level 3 spell: Teleport Other
  7726 | D:7      | Found a flagged portal.
  7817 | D:7      | Noticed Joseph
  7828 | D:7      | HP: 16/71 [Joseph/+0 quarterstaff (2)]
  7834 | D:7      | HP: 12/71 [Joseph/+0 quarterstaff (3)]
  7834 | D:7      | Killed Joseph
  7835 | D:7      | Reached skill level 5 in Invocations
  8208 | D:7      | You pick up a book of Debilitation and begin reading...
  8208 | D:7      | You add the spells Slow, Vampiric Draining and Confusing
                  | Touch to your library.
  8223 | D:7      | Found Ucrouxtu's Antique Armour Shoppe.
  8227 | D:7      | Bought a scorched buckler for 218 gold pieces
  8227 | D:7      | Identified the -2 buckler of the End {rC++} (You bought it
                  | in a shop on level 7 of the Dungeon)
  8390 | D:5      | HP: 17/71 [poisoned by a killer bee]
  8395 | D:5      | HP: 13/71 [poisoned by a killer bee]
  8812 | Temple   | Entered the Ecumenical Temple
  8875 | Temple   | Fell from the grace of Ignis
  8875 | Temple   | Became a worshipper of Cheibriados the Contemplative
  8959 | D:8      | Noticed Pikel
  9164 | D:8      | Killed Pikel
  9165 | D:8      | Reached skill level 7 in Spellcasting
  9165 | D:8      | Reached skill level 4 in Conjurations
  9165 | D:8      | Reached skill level 4 in Hexes
  9165 | D:8      | Reached skill level 4 in Summonings
  9165 | D:8      | Reached skill level 4 in Necromancy
  9165 | D:8      | Reached skill level 4 in Translocations
  9165 | D:8      | Reached skill level 4 in Transmutations
  9165 | D:8      | Reached skill level 4 in Fire Magic
  9165 | D:8      | Reached skill level 4 in Ice Magic
  9165 | D:8      | Reached skill level 4 in Air Magic
  9165 | D:8      | Reached skill level 4 in Earth Magic
  9165 | D:8      | Reached skill level 4 in Poison Magic
  9165 | D:8      | Reached XP level 10. HP: 56/77 MP: 20/20
  9174 | D:8      | You pick up a book of Minor Magic and begin reading...
  9174 | D:8      | You add the spells Magic Dart, Call Imp and Mephitic Cloud
                  | to your library.
  9197 | D:8      | You fall into a shaft and drop 2 floors!
  9197 | D:10     | Entered Level 10 of the Dungeon
  9204 | D:10     | Reached skill level 5 in Short Blades
  9204 | D:10     | Reached skill level 5 in Long Blades
  9204 | D:10     | Reached skill level 5 in Axes
  9204 | D:10     | Reached skill level 5 in Maces & Flails
  9204 | D:10     | Reached skill level 5 in Polearms
  9204 | D:10     | Reached skill level 5 in Staves
  9204 | D:10     | Reached skill level 5 in Slings
  9204 | D:10     | Reached skill level 5 in Bows
  9204 | D:10     | Reached skill level 5 in Crossbows
  9204 | D:10     | Reached skill level 5 in Throwing
  9204 | D:10     | Reached skill level 5 in Dodging
  9204 | D:10     | Reached skill level 5 in Stealth
  9204 | D:10     | Reached skill level 5 in Shields
  9204 | D:10     | Reached skill level 5 in Evocations
  9210 | D:10     | Reached skill level 10 in Unarmed Combat
  9217 | D:10     | Reached skill level 7 in Fighting
  9217 | D:10     | Reached skill level 7 in Armour
  9218 | D:10     | HP: 18/79 [yak (8)]
  9221 | D:10     | Gained mutation: Your skin changes colour to match your
                  | surroundings (Stealth+). [potion of mutation]
  9221 | D:10     | Gained mutation: Your mind is acute. (Int +2) [potion of
                  | mutation]
  9221 | D:10     | Gained mutation: You have large cloven feet. [potion of
                  | mutation]
  9224 | D:10     | HP: 13/79 [wyvern (9)]
  9224 | D:10     | HP: 3/79 [yak (5)]
  9229 | D:10     | Mangled by a wyvern

Vanquished Creatures
  Pikel (D:8)
  Joseph (D:7)
  Grinder (D:5)
  7 yaks
  2 steam dragons
  2 water moccasins
  A sky beast (D:7)
  A centaur (D:10)
  An ogre (D:6)
  A lemure (D:7)
  2 phantoms
  A necrophage (D:7)
  2 scorpions
  5 wights (D:6)
  3 killer bees (D:8)
  3 howler monkeys
  4 hounds (D:5)
  A gnoll shaman (D:6)
  2 orc priests (D:3)
  A jelly (D:5)
  3 iguanas
  2 orc wizards
  8 mummies (Ossuary)
  6 gnolls
  7 adders
  An ufetubus (D:6)
  6 dart slugs
  22 orcs
  8 endoplasms
  A giant cockroach (D:1)
  12 goblins
  2 hobgoblins
  7 jackals (D:2)
  5 kobolds
  4 quokkas
  5 ball pythons
  2 bats (D:1)
  3 frilled lizards
  2 hobgoblin zombies (Ossuary)
  5 kobold zombies (Ossuary)
  An orc zombie (Ossuary)
  4 rats
158 creatures vanquished.

Vanquished Creatures (others)
  86 foxfires
  3 plants (D:5)
89 creatures vanquished.

Grand Total: 247 creatures vanquished

Table legend:
 A = Non-vault XP
 B = Vault XP
 C = Vault XP percentage of total XP
 D = Non-vault monster count
 E = Vault monster count
 F = Vault count percentage of total count
                 A         B        C        D         E       F
            +---------+---------+-------+---------+---------+-------
      Total |    4524 |    1444 |  24.2 |     134 |      23 |  14.6
            +---------+---------+-------+---------+---------+-------
        D:1 |      34 |       0 |   0.0 |      19 |       0 |   0.0
        D:2 |     101 |       0 |   0.0 |      19 |       0 |   0.0
        D:3 |     169 |       0 |   0.0 |      24 |       0 |   0.0
        D:4 |     370 |       0 |   0.0 |      22 |       0 |   0.0
        D:5 |     600 |     281 |  31.9 |      18 |       1 |   5.3
        D:6 |    1535 |       0 |   0.0 |      19 |       0 |   0.0
        D:7 |     631 |     442 |  41.2 |       5 |       5 |  50.0
        D:8 |     185 |     571 |  75.5 |       3 |       1 |  25.0
       D:10 |     899 |       0 |   0.0 |       5 |       0 |   0.0
    Ossuary |       0 |     150 | 100.0 |       0 |      16 | 100.0
            +---------+---------+-------+---------+---------+-------

Illustrated notes

Table legend:
 A = Kills in this place as a percentage of kills in entire the game.
 B = Kills by you in this place as a percentage of kills by you in the entire game.
 C = Kills by friends in this place as a percentage of kills by friends in the entire game.
 D = Other kills in this place as a percentage of other kills in the entire game.
 E = Experience gained in this place as a percentage of experience gained in the entire game.
 F = Experience gained in this place divided by the number of levels of this place that you have seen.
                   A       B       C       D       E      F
               +-------+-------+-------+-------+-------+----------------------
         Total | 100.0 | 100.0 |   N/A |   N/A | 100.0 | 542.5
       Dungeon |  89.8 |  89.8 |   N/A |   N/A |  97.5 | 646.4
       Ossuary |  10.2 |  10.2 |   N/A |   N/A |   2.5 | 150.0
               +-------+-------+-------+-------+-------+----------------------

Table legend: (Time is in decaauts)
 A = Elapsed time spent in this place.
 B = Non-inter-level travel time spent in this place.
 C = Inter-level travel time spent in this place.
 D = Time resting spent in this place.
 E = Time spent auto-exploring this place.
 F = Levels seen in this place.
 G = Mean time per level.
                   A        B        C        D        E       F      G
               +--------+--------+--------+--------+--------+-----+--------+
         Total |   9186 |   8729 |    457 |   1834 |   5564 |  11 |  835.1 |
       Dungeon |   8626 |   8188 |    438 |   1740 |   5241 |   9 |  958.4 |
        Temple |     82 |     64 |     18 |      0 |     53 |   1 |   82.0 |
       Ossuary |    477 |    477 |      0 |     94 |    270 |   1 |  477.0 |
               +--------+--------+--------+--------+--------+-----+--------+

Top non-repeatable levels by time:
     D:6: 1964 daAuts
     D:5: 1643 daAuts
     D:2: 1194 daAuts
     D:7: 903 daAuts
     D:4: 889 daAuts
     D:3: 887 daAuts
     D:1: 886 daAuts
 Ossuary: 477 daAuts
     D:8: 222 daAuts
  Temple: 82 daAuts
    D:10: 35 daAuts
